 Seeded DCSS version 0.29-a0-1052-g6990b1bffc (webtiles) character file.

Game seed: 1 (custom seed)

117 Kazon the Ducker (level 4, -21/34 HPs)
             Began as a Demonspawn Gladiator on Aug 17, 2022.
             Demolished by an ogre
             ... wielding a +0 giant spiked club
              (31 damage)
             ... on level 4 of the Dungeon.
             The game lasted 00:09:24 (2039 turns).

Kazon the Ducker (Demonspawn Gladiator)             Turns: 2039, Time: 00:09:25

Health: -21/34     AC:  7    Str: 16    XL:     4   Next: 71%
Magic:  4/4        EV: 12    Int: 10    God:
Gold:   58         SH:  0    Dex: 14    Spells: 3/3 levels left

rFire   . . .      SeeInvis .   u - +3 falchion of Winter {venom, rCorr}
rCold   . . .      Faith    .   (no shield)
rNeg    . . .      Spirit   .   b - +0 leather armour
rPois   .          Reflect  .   c - +0 helmet
rElec   .          Harm     .   (no cloak)
rCorr   +          Rampage  .   (no gloves)
Will    .....                   p - +2 pair of boots
Stlth   +.........              s - amulet of regeneration
HPRegen 0.91/turn               (no ring)
MPRegen 0.09/turn               (no ring)

@: no status effects
A: powered by death 1, spiny 1
a: no special abilities


You were on level 4 of the Dungeon.
You visited 1 branch of the dungeon, and saw 4 of its levels.

You collected 242 gold pieces.
You spent 184 gold pieces at shops.

Inventory:

Hand Weapons
 a - a +0 war axe
 e - a +2 dagger of venom
 u - the +3 falchion of Winter (weapon) {venom, rCorr}
   (You bought it in a shop on level 3 of the Dungeon)

   It poisons the flesh of those it strikes.
   rCorr:     It protects you from acid and corrosion.
 w - a +4 longbow of flaming
Missiles
 d - 3 throwing nets
 k - 2 stones (quivered)
 m - a javelin
 o - 3 boomerangs
 r - 7 poisoned darts
Armour
 b - a +0 leather armour (worn)
 c - a +0 helmet (worn)
 p - a +2 pair of boots (worn)
Jewellery
 s - an amulet of regeneration (around neck)
Scrolls
 j - 2 scrolls of identify {unknown}
 l - a scroll of fog {unknown}
 n - a scroll of immolation {unknown}
 t - 2 scrolls of enchant weapon {unknown}
 v - a scroll of blinking {unknown}
Potions
 f - a potion of magic {unknown}
 g - a potion of haste {unknown}
 h - a potion of flight {unknown}
 i - a potion of attraction {unknown}
 q - a potion of berserk rage {unknown}


   Skills:
 + Level 2.3 Fighting
 + Level 0.2 Short Blades
 + Level 3.1 Axes
 + Level 2.4 Ranged Weapons
 + Level 1.9 Throwing
 + Level 0.6 Armour
 + Level 3.1 Dodging
 + Level 1.1 Stealth


You had 3 spell levels left.
You didn't know any spells.
Your spell library contained the following spells:

 Spells                   Type           Power      Damage    Failure   Level
 Apportation              Tloc           0%         N/A       43%         1
 Necrotise                Necr           0%         1d4       43%         1
 Sting                    Tmut/Pois      0%         1d3       43%         1
 Summon Small Mammal      Summ           0%         N/A       43%         1
 Poisonous Vapours        Pois/Air       0%         N/A       56%         2
 Olgreb's Toxic Radiance  Pois           0%         N/A       99%         4


Dungeon Overview and Level Annotations

Branches:
Dungeon (4/15)
 Temple: D:4-7

Altars:

Shops:
D:3 (


Innate Abilities, Weirdness & Mutations

You regenerate a little health from kills.
You are partially covered in sharp spines.


Message History

You kill the dart slug!
You open the door.
There is an open door here.
You open the door.
A ball python comes into view.
Found a stone staircase leading down.
There is an open door here.
The ball python hisses angrily.
You hit the ball python.
You kill the ball python!
Found 18 gold pieces.
An ogre comes into view. It is wielding a +0 giant spiked club.
Found a scroll labelled HYSU PIEWYDD.
Throw: 5 stones
Press: ? - help, Q - select action, (/) - cycle Shift-Dir - straight line, f - ogre
Aim: an ogre, wielding a +0 giant spiked club (74% to hit)
You throw a stone. The stone barely misses the ogre.
Throw: 4 stones
Press: ? - help, Q - select action, (/) - cycle Shift-Dir - straight line, f/p - ogre
Aim: an ogre, wielding a +0 giant spiked club (74% to hit)
You throw a stone.
The stone hits the ogre but does no damage.
Throw: 3 stones
Press: ? - help, Q - select action, (/) - cycle Shift-Dir - straight line, f/p - ogre
Aim: an ogre, wielding a +0 giant spiked club (74% to hit)
You throw a stone.
The stone hits the ogre but does no damage.
You hit the ogre.
The ogre is poisoned.
The ogre is lightly wounded.
The ogre hits you with a +0 giant spiked club!!
Ouch! That really hurt!
* * * LOW HITPOINT WARNING * * *
You slash the ogre!
The ogre looks as sick as possible!
The ogre is heavily wounded.
The ogre is struck by your spines. The ogre closely misses you.
You slash the ogre!
The ogre looks as sick as possible!
The ogre is almost dead.
The ogre hits you with a +0 giant spiked club!!
Ouch! That really hurt!
You die...

#.# .?. #.#
#.# ..$
##.###
+....# #O#
#@# #.# .
###.# #.#
#...# #..
##.###
#.###..#
#.....#####
##.>......#
#........#


You could see an ogre (extremely poisoned).

Vanquished Creatures
  3 gnolls (D:2)
  2 adders (D:2)
  A worm (D:2)
  2 dart slugs
  An orc (D:3)
  7 endoplasms
  A giant cockroach (D:1)
  7 goblins
  7 hobgoblins
  6 jackals (D:3)
  4 kobolds
  2 quokkas
  4 ball pythons
  2 bats
  4 frilled lizards
  5 rats
58 creatures vanquished.

Notes
Turn   | Place    | Note
-------+----------+-------------------------------------------
     0 | D:1      | Kazon the Demonspawn Gladiator began the quest for the Orb.
     0 | D:1      | Reached XP level 1. HP: 16/16 MP: 1/1
   107 | D:1      | Identified a scroll of acquirement
   107 | D:1      | Acquired a +4 longbow of flaming
   193 | D:1      | Gained mutation: You are partially covered in sharp spines.
                  | [demonic ancestry]
   193 | D:1      | Reached XP level 2. HP: 22/22 MP: 2/2
   597 | D:2      | Reached skill level 1 in Ranged Weapons
   597 | D:2      | Gained mutation: You regenerate a little health from kills.
                  | [demonic ancestry]
   597 | D:2      | Reached XP level 3. HP: 21/27 MP: 3/3
   680 | D:2      | Reached skill level 1 in Stealth
   833 | D:2      | Reached XP level 4. HP: 33/33 MP: 4/4
  1428 | D:3      | Found Umat's Antique Weapon Boutique.
  1691 | D:3      | Bought a crude falchion for 184 gold pieces
  1691 | D:3      | Identified the +3 falchion of Winter {venom, rCorr} (You
                  | bought it in a shop on level 3 of the Dungeon)
  2031 | D:4      | Noticed an ogre
  2039 | D:4      | Demolished by an ogre

Illustrated notes

Levels and vault maps discovered:
D:1:      dpeg_arrival_three_smaller_balls, layout_basic
D:2:      layout_loops_ring
D:3:      layout_basic, serial_shops, nicolae_shop_stone, st_stairs_7
D:4:      minmay_razor_zed, layout_basic, worldfamousw_hep_ancestral_shrine,
          uniq_eustachio, uniq_natasha

Skill      XL: |  1  2  3 |
---------------+----------+-----
Axes           | 3 |  3.1
Dodging        | 3 |  3.1
Ranged Weapons | 1 2 |  2.4
Stealth        | 1 |  1.1
Fighting       | |  2.3
Short Blades   | |  0.2
Throwing       | |  1.9
Armour         | |  0.6

Action                   |  1- 3 |  4- 6 || total
-------------------------+-------+-------++-------
Melee: War axe           |    10 |       ||    10
       Dagger            |       |    25 ||    25
       Falchion          |       |    12 ||    12
 Fire: Longbow           |    35 |    12 ||    47
Throw: Stone             |       |    20 ||    20
  Use: Scroll            |     1 |       ||     1
 Stab: Sleeping          |       |     3 ||     3
Armor: Leather armour    |     4 |     8 ||    12
Dodge: Dodged            |    11 |    20 ||    31

Table legend: (Time is in decaauts)
 A = Elapsed time spent in this place.
 B = Non-inter-level travel time spent in this place.
 C = Inter-level travel time spent in this place.
 D = Time resting spent in this place.
 E = Time spent auto-exploring this place.
 F = Levels seen in this place.
 G = Mean time per level.
                   A        B        C        D        E       F      G
               +--------+--------+--------+--------+--------+-----+--------+
         Total |   2070 |   1952 |    118 |      0 |    807 |   4 |  517.5 |
       Dungeon |   2070 |   1952 |    118 |      0 |    807 |   4 |  517.5 |
               +--------+--------+--------+--------+--------+-----+--------+

Top non-repeatable levels by time:
     D:2: 832 daAuts
     D:1: 614 daAuts
     D:3: 487 daAuts
     D:4: 135 daAuts
